 Dungeon Crawl Stone Soup version 0.23.2-1-ga50397a (webtiles) character file.

Game seed: 17129827160435494574

169 Borgoz the Cutter (level 5, -2/36 HPs)
             Began as a Halfling Gladiator on May 25, 2019.
             Killed from afar by an orc wizard (12 damage)
             ... with a puff of flame
             ... on level 3 of the Dungeon.
             The game lasted 00:02:33 (1803 turns).

Borgoz the Cutter (Halfling Gladiator)              Turns: 1803, Time: 00:02:34

Health: -2/36      AC:  4    Str: 21    XL:     5   Next: 79%
Magic:  5/5        EV: 22    Int:  6    God:
Gold:   111        SH:  0    Dex: 21    Spells: 4/4 levels left

rFire    . . .     SeeInvis .   a - +0 rapier
rCold    . . .     Gourm    .   (shield restricted)
rNeg     . . .     Faith    .   b - +0 leather armour
rPois    .         Spirit   .   c - +0 helmet
rElec    .         Reflect  .   (no cloak)
rCorr    .         Harm     .   (no gloves)
MR       .....                  (no boots)
Stlth    +++.......             (no amulet)
HPRegen  0.12/turn              (no ring)
MPRegen  0.09/turn              (no ring)

@: mighty, agile
A: small, mutation resistance 1
a: no special abilities


You were on level 3 of the Dungeon.
You were not hungry.

You visited 1 branch of the dungeon, and saw 3 of its levels.

You collected 111 gold pieces.

Inventory:

Hand Weapons
 a - a +0 rapier (weapon)
Missiles
 d - 2 throwing nets (quivered)
Armour
 b - a +0 leather armour (worn)
 c - a +0 helmet (worn)
Scrolls
 e - a scroll of immolation {unknown}
 g - a scroll of teleportation
 h - a scroll of remove curse
 j - 2 scrolls of noise {unknown}
 k - a scroll of fog {unknown}
 l - a scroll of identify {unknown}
 o - 2 scrolls of amnesia {unknown}
Potions
 m - a potion of agility
 n - a potion of might
Comestibles
 f - 4 rations


   Skills:
 + Level 2.9 Fighting
 + Level 4.7 Short Blades
 - Level 2.0 Throwing
 + Level 2.5 Armour
 + Level 4.2 Dodging
 + Level 0.5 Stealth


You had 4 spell levels left.
You didn't know any spells.
Your spell library was empty.

Dungeon Overview and Level Annotations

Branches:
Dungeon (3/15)

Altars:


Innate Abilities, Weirdness & Mutations

You are small and have problems with some larger weapons.
You are somewhat resistant to further mutation.


Message History

The orc barely misses you.
It was a potion of might.
You feel very mighty all of a sudden. The orc hits you with a +0 mace.
* * * LOW HITPOINT WARNING * * *
The orc closely misses you. The orc completely misses you.
The orc wizard closely misses you.
You closely miss the orc wizard. The orc hits you with a +0 mace.
* * * LOW HITPOINT WARNING * * *
The orc misses you. The orc wizard misses you. The orc completely misses you.
You feel better. The orc closely misses you. The orc misses you.
The orc completely misses you. The orc wizard barely misses you.
Okay, then.
You puncture the orc wizard!
The orc wizard is severely wounded.
The orc misses you. The orc hits you but does no damage.
The orc barely misses you.
The orc wizard gestures at you while chanting.
The puff of flame hits you!
You die...

########
#<....?+
#.....##
#...$.#
#.....#
#...@o#
#..ooo#
#.....#
#.....#
#.....#
#######


You could see an orc wizard and 3 orcs.

Vanquished Creatures
  A centaur (D:2)
  2 adders (D:2)
  A worm (D:2)
  3 dart slugs
  2 leopard geckos (D:2)
  A ball python (D:2)
  7 bats
  3 giant cockroaches (D:1)
  11 hobgoblins
  A quokka (D:2)
  5 frilled lizards
  4 goblins
  9 kobolds
  6 rats
56 creatures vanquished.

Notes
Turn   | Place    | Note
-------+----------+-------------------------------------------
     0 | D:1      | Borgoz the Halfling Gladiator began the quest for the Orb.
     0 | D:1      | Reached XP level 1. HP: 14/14 MP: 1/1
    82 | D:1      | Reached XP level 2. HP: 19/19 MP: 2/2
   122 | D:1      | Reached skill level 1 in Armour
   189 | D:1      | Reached XP level 3. HP: 21/24 MP: 3/3
   651 | D:2      | Reached XP level 4. HP: 14/30 MP: 4/4
   721 | D:2      | Noticed a centaur
   740 | D:2      | Killed a centaur
   740 | D:2      | Reached XP level 5. HP: 8/36 MP: 5/5
  1041 | D:2      | Found a faded altar of an unknown god.
  1803 | D:3      | Killed from afar by an orc wizard

Skill      XL: |  1  2  3  4 |
---------------+-------------+-----
Fighting       | 2 |  2.9
Armour         | 1 2 |  2.5
Short Blades   | 4 |  4.7
Dodging        | 4 |  4.2
Throwing       | |  2.0
Stealth        | |  0.5

Action                   |  1- 3 |  4- 6 || total
-------------------------+-------+-------++-------
Melee: Rapier            |    93 |    96 ||   189
Throw: Throwing net      |       |     1 ||     1
  Use: Potion            |     3 |     3 ||     6
       Scroll            |       |     2 ||     2
 Stab: Invisible         |       |     3 ||     3
       Sleeping          |       |     1 ||     1
  Eat: Chunk             |       |     3 ||     3
Armor: Leather armour    |    27 |     6 ||    33
Dodge: Dodged            |   117 |    99 ||   216
